 Dungeon Crawl Stone Soup version 0.21-a0-163-g3aa3f5d (webtiles) character file.

4579 valhalheru the Severer (level 10, -2/77 HPs)
             Began as a Hill Orc Fighter on Aug 4, 2017.
             Was a Priest of Trog.
             Slain by a two-headed ogre
             ... wielding a +0 giant club
              (12 damage)
             ... on level 8 of the Dungeon.
             The game lasted 00:23:52 (10434 turns).

valhalheru the Severer (Hill Orc Fighter)          Turns: 10434, Time: 00:23:52

Health: -2/77      AC: 11    Str: 24    XL:     10   Next: 41%
Magic:  10/10      EV: 10    Int:  8    God:    Trog [***...]
Gold:   56         SH: 10    Dex: 17    Spells: 9/9 levels left

rFire    . . .     SeeInvis .   C - +4 flail (holy)
rCold    . . .     Gourm    .   c - +0 shield
rNeg     . . .     Faith    .   I - +1 chain mail {MR+}
rPois    .         Spirit   .   u - +0 helmet
rElec    .         Reflect  .   (no cloak)
rCorr    .         Harm     .   (no gloves)
MR       +....                  (no boots)
Stlth    ..........             (no amulet)
HPRegen  0.22/turn              e - +3 ring of strength
MPRegen  0.12/turn              (no ring)

@: agile
A: no striking features
a: Berserk, Trog's Hand, Burn Spellbooks, Renounce Religion


You were on level 8 of the Dungeon.
You worshipped Trog.
Trog was most pleased with you.
You were not hungry.

You visited 1 branch of the dungeon, and saw 8 of its levels.

You collected 296 gold pieces.
You spent 240 gold pieces at shops.

Inventory:

Hand Weapons
 b - a +5 great sword of freezing
 w - a +5 spear
 C - a +4 flail of holy wrath (weapon)
Missiles
 k - 237 stones
 m - 7 poisoned needles (quivered)
 o - 6 curare-tipped needles
 r - 89 sling bullets
Armour
 c - a +0 shield (worn)
 u - a +0 helmet (worn)
 I - a +1 chain mail of magic resistance (worn)
Jewellery
 e - a +3 ring of strength (left hand)
Wands
 x - a wand of confusion (33/48)
 G - a wand of confusion (13/48)
Scrolls
 n - 3 scrolls of teleportation
 p - 6 scrolls of remove curse
 t - a scroll of blinking
 y - 2 scrolls of fog
 H - a scroll of identify
Potions
 a - a potion of lignification {unknown}
 d - a potion of agility
 g - a potion of invisibility
 h - a potion of degeneration
 i - 2 potions of haste {unknown}
 j - a potion of ambrosia {unknown}
 l - 2 potions of heal wounds
 q - 2 potions of magic
 s - 2 potions of might
 v - 4 potions of flight {unknown}
 B - 2 potions of curing {unknown}
 D - a potion of brilliance {unknown}
 F - a potion of berserk rage {unknown}
Comestibles
 f - 8 bread rations
 z - 2 chunks of flesh
 A - 2 meat rations


   Skills:
 - Level 3.6 Fighting
   Level 15.8(16.7) Axes
 + Level 8.2(11.9) Maces & Flails
 - Level 3.2 Armour
 - Level 3.2 Shields


You had 9 spell levels left.
You didn't know any spells.

Dungeon Overview and Level Annotations

Branches:
Dungeon (8/15)             Temple (0/1) D:7            Lair (0/6) D:8

Altars:
Cheibriados
Dithmenos
Elyvilon
Fedhas
Makhleb
Nemelex Xobeh
Ru
Sif Muna
Trog
Uskayaw
Wu Jian
Zin
The Shining One

Shops:
D:7 (   D:8 [


Message History

You block the adder's attack.
You sock the two-headed ogre!
The two-headed ogre is severely wounded.
The two-headed ogre hits you with a giant club!!
You block the two-headed ogre's attack. The adder bites you but does no damage.
You are too injured to fight recklessly!
You feel much better. The adder bites you but does no damage.
You block the two-headed ogre's attack.
The two-headed ogre hits you but does no damage.
You feel agile all of a sudden. The adder bites you.
The two-headed ogre hits you with a giant club!!
The two-headed ogre hits you with a dire flail!
Your shield and chain mail prevent you from hitting the two-headed ogre.
The two-headed ogre is severely wounded.
The adder bites you but does no damage.
The two-headed ogre hits you with a giant club!
* * * LOW HITPOINT WARNING * * *
The two-headed ogre hits you with a dire flail!
You die...

#...# #)###...##≈≈...≈.≈...≈≈#
#.#.###.##...##≈≈...≈...≈...≈≈
#....##.#....#≈≈...≈.....≈...≈
#.......'....#≈.#.#...>...#.#.
##...####....#≈≈...≈.....≈...≈
#.... ##...##≈≈...≈...≈...≈≈
#..### ##...##≈≈...≈.≈...≈≈#
#..# ##...##≈≈.......≈≈## #..#
##@####≈≈.....≈≈## #.#
#OS.###≈≈...≈≈## #. #...#
##≈≈.≈≈## #(..# ##≈≈≈## .....
#### (..... ....... ......###


You could see a two-headed ogre and an adder.

Vanquished Creatures
  Grinder (D:5)
  A hippogriff (D:7)
  A shadow (D:8)
  Sigmund (D:5)
  A hungry ghost (D:8)
  Edmund (D:4)
  A water moccasin (D:7)
  Duvessa (D:5)
  A black bear (D:6)
  A phantom (D:4)
  An orc warrior (D:8)
  An ice beast (D:8)
  2 sky beasts
  4 ogres
  2 centaurs (D:6)
  Blork the orc (D:4)
  6 bullfrogs
  Dowan (D:5)
  A wyvern skeleton (D:6)
  2 scorpions
  5 wights (D:6)
  The ghost of Rassilon the Insei, a weakling GnTm (D:3)
  2 jellies
  3 howler monkeys (D:7)
  2 crimson imps
  A quasit (D:6)
  5 orc wizards
  2 centaur zombies
  2 orc priests
  3 hounds
  A centaur skeleton (D:5)
  7 worker ants
  A killer bee zombie (D:8)
  Robin (D:4)
  11 adders
  7 gnolls
  5 shadow imps
  3 oozes
  3 worms
  2 dart slugs
  8 leopard geckos
  19 orcs
  12 bats
  9 giant cockroaches
  11 goblins
  11 hobgoblins
  6 jackals
  4 quokkas
  5 frilled lizards
  A jackal skeleton (D:6)
  8 kobolds
  A leopard gecko skeleton (D:4)
  A leopard gecko zombie (D:5)
  12 rats
206 creatures vanquished.

Notes
Turn   | Place    | Note
-------+----------+-------------------------------------------
     0 | D:1      | valhalheru the Hill Orc Fighter began the quest for the Orb.
     0 | D:1      | Reached XP level 1. HP: 19/19 MP: 1/1
    22 | D:1      | Reached skill level 3 in Axes
    28 | D:1      | Reached XP level 2. HP: 26/26 MP: 2/2
   160 | D:1      | Reached skill level 4 in Axes
   299 | D:1      | Reached XP level 3. HP: 28/31 MP: 3/3
  1033 | D:2      | Reached skill level 5 in Axes
  1328 | D:2      | Reached XP level 4. HP: 39/39 MP: 4/4
  1671 | D:2      | Reached skill level 6 in Axes
  2063 | D:2      | Found a faded altar of an unknown god.
  2241 | D:3      | Noticed Rassilon's ghost (weakling GnTm)
  2262 | D:3      | Killed Rassilon's ghost
  2262 | D:3      | Reached XP level 5. HP: 16/45 MP: 5/5
  2688 | D:3      | Reached skill level 7 in Axes
  2912 | D:3      | Found a burning altar of Makhleb.
  2912 | D:3      | Found an ornate altar of the Wu Jian Council.
  2918 | D:3      | Found a deep blue altar of Sif Muna.
  2921 | D:3      | Found a shadowy altar of Dithmenos.
  2922 | D:3      | Found a glowing silver altar of Zin.
  2922 | D:3      | Found a sparkling altar of Nemelex Xobeh.
  2922 | D:3      | Found a blossoming altar of Fedhas.
  2922 | D:3      | Found a hide-covered altar of Uskayaw.
  2922 | D:3      | Found a glowing golden altar of the Shining One.
  2923 | D:3      | Found a snail-covered altar of Cheibriados.
  2925 | D:3      | Found a white marble altar of Elyvilon.
  2926 | D:3      | Found a sacrificial altar of Ru.
  2927 | D:3      | Found a bloodstained altar of Trog.
  2931 | D:3      | Became a worshipper of Trog the Wrathful
  3022 | D:3      | Found a blossoming altar of Fedhas.
  3514 | D:4      | Noticed Robin
  3534 | D:4      | Killed Robin
  3599 | D:4      | Reached skill level 8 in Axes
  3599 | D:4      | Reached XP level 6. HP: 39/51 MP: 6/6
  3976 | D:4      | Reached skill level 9 in Axes
  4274 | D:4      | Noticed a phantom
  4314 | D:4      | Killed a phantom
  4314 | D:4      | Reached XP level 7. HP: 51/57 MP: 7/7
  4427 | D:4      | Noticed Blork the orc
  4440 | D:4      | Killed Blork the orc
  4440 | D:4      | Reached skill level 10 in Axes
  4727 | D:4      | Reached * piety under Trog
  4967 | D:4      | Noticed Edmund
  4979 | D:4      | Killed Edmund
  4979 | D:4      | Reached skill level 11 in Axes
  5199 | D:5      | Entered Level 5 of the Dungeon
  5231 | D:5      | Reached XP level 8. HP: 31/64 MP: 8/8
  5488 | D:5      | Noticed Dowan
  5493 | D:5      | Noticed Duvessa
  5520 | D:5      | Killed Duvessa
  5520 | D:5      | Reached skill level 12 in Axes
  5524 | D:5      | Killed Dowan
  5637 | D:5      | Noticed Sigmund
  5644 | D:5      | Killed Sigmund
  5910 | D:5      | Reached skill level 13 in Axes
  5914 | D:5      | Reached ** piety under Trog
  6000 | D:5      | Noticed Grinder
  6055 | D:5      | Paralysed by Grinder for 4 turns
  6066 | D:5      | Killed Grinder
  6372 | D:6      | Reached skill level 14 in Axes
  6372 | D:6      | Reached XP level 9. HP: 30/70 MP: 9/9
  7310 | D:6      | Reached skill level 15 in Axes
  8244 | D:7      | Reached skill level 1 in Maces & Flails
  8623 | D:7      | Reached *** piety under Trog
  8679 | D:7      | Reached skill level 5 in Maces & Flails
  8679 | D:7      | Reached XP level 10. HP: 40/77 MP: 10/10
  9021 | D:7      | Found Ocajamp's Weapon Shop.
  9067 | D:7      | Found a staircase to the Ecumenical Temple.
  9755 | D:8      | Found Miom's Antique Armour Emporium.
  9766 | D:8      | Found a staircase to the Lair.
  9771 | D:8      | Bought a glowing chain mail for 240 gold pieces
 10422 | D:8      | Noticed a two-headed ogre
 10434 | D:8      | Slain by a two-headed ogre

Vault maps used:
D:1:      tarquinn_simple_flora_water_e, serial_bayou, serial_bayou_pond_a,
          serial_bayou_pond_a, serial_bayou_pond_d, serial_bayou_pond_c,
          serial_bayou_shore_b, serial_bayou_crossing, minmay_bisected
D:2:      chequers_ecumenical_altar_grove, first_bread
D:3:      minitemple, fedhas_altar_fruit_tree
D:4:      minmay_opposing_rooms, uniq_edmund, uniq_blork_the_orc, uniq_robin
D:5:      uniq_sigmund, uniq_duvessa, uniq_grinder
D:7:      minmay_temple_entry_glass, serial_shops, nicolae_shop_statue_plus
D:8:      lair_entry_dummy, serial_shops, shop_fountains, kennysheep_diamond

Skill      XL: |  1  2  3  4  5  6  7  8  9 10 |
---------------+-------------------------------+-----
Axes           | 3 4 5 6 8 9 11 14 15 | 15.8
Maces & Flails | 5 8 |  8.2
Fighting       | |  3.6
Armour         | |  3.2
Shields        | |  3.2

Action                   |  1- 3 |  4- 6 |  7- 9 | 10-12 || total
-------------------------+-------+-------+-------+-------++-------
Melee: War axe           |   110 |   245 |   328 |       ||   683
       Flail             |       |       |    62 |    99 ||   161
Throw: Stone             |       |    30 |       |       ||    30
Invok: Burn Spellbooks   |       |       |     1 |       ||     1
  Use: Scroll            |     5 |     2 |     6 |     1 ||    14
       Potion            |       |     1 |     3 |     3 ||     7
  Eat: Chunk             |     2 |     5 |     7 |     2 ||    16
       Meat ration       |       |     1 |       |       ||     1
       Fruit             |       |       |     4 |       ||     4
       Royal jelly       |       |       |     3 |     2 ||     5
Armor: Scale mail        |    53 |   100 |    13 |       ||   166
       Chain mail        |       |       |   169 |    41 ||   210
Dodge: Dodged            |    38 |    76 |    50 |    22 ||   186
Block: Shield            |    55 |   145 |   161 |    42 ||   403
